 Dungeon Crawl Stone Soup version 0.21.1-1-g345015f (webtiles) character file.

1475 glosham the Fighter (level 9, -4/64 HPs)
             Began as a Kobold Artificer on May 16, 2018.
             Was an Initiate of Okawaru.
             Slain by a yak (14 damage)
             ... on level 6 of the Dungeon on May 18, 2018.
             The game lasted 01:02:29 (3549 turns).

glosham the Fighter (Kobold Artificer)              Turns: 3549, Time: 01:02:30

Health: -4/64      AC:  9    Str: 15    XL:     9   Next: 6%
Magic:  20/20      EV: 14    Int: 12    God:    Okawaru [......]
Gold:   271        SH:  0    Dex: 15    Spells: 8/8 levels left

rFire    . . .     SeeInvis .   a - +1 whip (elec)
rCold    . . .     Gourm    .   (shield restricted)
rNeg     . . .     Faith    .   X - +1 ring mail
rPois    .         Spirit   .   U - +2 helmet
rElec    .         Reflect  .   (no cloak)
rCorr    .         Harm     .   (no gloves)
MR       .....                  (no boots)
Stlth    +.........             z - amulet of rage
HPRegen  0.20/turn              A - +2 ring of strength
MPRegen  0.17/turn              B - ring of magical power

@: berserk cooldown, slowed, very slow
A: small, carnivore
a: Renounce Religion, Evoke Berserk Rage


You were on level 6 of the Dungeon.
You worshipped Okawaru.
Okawaru was noncommittal.
You were very full.

You visited 2 branches of the dungeon, and saw 7 of its levels.

You collected 271 gold pieces.

Inventory:

Hand Weapons
 a - a +1 whip of electrocution (weapon)
 f - a +0 shortbow
Missiles
 g - 143 stones (quivered)
 i - 15 sling bullets
 k - 46 bolts
 l - a tomahawk
 o - 29 poisoned needles
 s - 91 arrows
Armour
 y - a +0 plate armour
 U - a +2 helmet (worn)
 X - a +1 ring mail (worn)
Jewellery
 z - an amulet of rage (around neck)
 A - a +2 ring of strength (left hand)
 B - a ring of magical power (right hand)
 F - an uncursed ring of flight
Wands
 e - a wand of random effects (2)
Scrolls
 c - a scroll of magic mapping
 d - a scroll of teleportation
 n - 4 scrolls of enchant armour
 q - a scroll of amnesia
 t - a scroll of blinking
Potions
 h - a potion of flight
 j - 3 potions of curing
 m - 2 potions of brilliance
 p - a potion of haste {unknown}
 v - a potion of magic
 w - a potion of lignification {unknown}
Comestibles
 b - 10 rations


   Skills:
 * Level 11.4 Fighting
   Level 1.3 Short Blades
 - Level 2.4 Dodging
 - Level 1.3 Stealth
 - Level 3.6 Evocations


You had 8 spell levels left.
You didn't know any spells.

Dungeon Overview and Level Annotations

Branches:
Dungeon (6/15)             Temple (1/1) D:6

Altars:
Elyvilon
Fedhas
Gozag
Hepliaklqana
Kikubaaqudgha
Makhleb
Nemelex Xobeh
Okawaru
Qazlal
Ru
Sif Muna
Trog
Uskayaw
Vehumet
Wu Jian
Xom
Zin


Innate Abilities, Weirdness & Mutations

You are small and have problems with some larger weapons.
You are carnivorous and can eat meat at any time.


Message History

You barely miss the yak.
The yak is heavily wounded.
The yak gores you.
You closely miss the yak.
The yak is heavily wounded.
You hit the yak.
The yak is heavily wounded.
The yak gores you!
Your ring mail prevents you from hitting the yak.
The yak is heavily wounded.
The yak gores you.
You whack the yak!
The yak is almost dead.
The yak gores you but does no damage.
You whack the yak! Lightning courses through the yak!
You kill the yak!
Okawaru accepts your kill.
You have reached level 9!
Your experience leads to an increase in your attributes!
Your base attributes are Str 12, Int 12, Dex 15.
Increase (S)trength, (I)ntelligence, or (D)exterity?
You feel stronger.
You barely miss the yak. The yak gores you but does no damage.
You whack the yak!
The yak is moderately wounded.
You are no longer berserk.
You are exhausted.
You feel yourself slow down. The yak gores you.
Okay, then.
You hit the yak.
The yak is heavily wounded.
The yak barely misses you.
You closely miss the yak.
The yak is heavily wounded.
The yak closely misses you. The yak gores you!
* * * LOW HITPOINT WARNING * * *
You hit the yak.
The yak is heavily wounded.
The yak gores you but does no damage. The yak gores you!
You die...

........#.###.#
#..###.#.#
..............#
#..#.....#
..............#
#..#.....#
.#######......#
#..#.....#
##.###.#####..#...#.#
###.###....##..#...#.#
#.....#....##..#...#>#
#.#.#.#....##..#...#.#
#.#.#@#....##..#...#.# #
..#Y#....##..#...#.#
...YY#........#...#.#
....Y.#....###.#...#.#
.......#..........###.#
#.#####.#.######...###'#
#.#. #...#.... ....
#...#.... .. #...#....


You could see 4 yaks.

Vanquished Creatures
  Pikel (D:4)
  2 yaks (D:6)
  A black bear (D:6)
  3 ogres
  A centaur (D:6)
  Blork the orc (D:4)
  A bullfrog (D:6)
  A scorpion (D:5)
  A crimson imp (D:6)
  3 hounds
  A bullfrog skeleton (D:2)
  An iguana (D:4)
  3 worker ants
  A hound zombie (D:6)
  4 adders
  A shadow imp (D:3)
  3 oozes (D:2)
  2 worms
  4 dart slugs
  3 leopard geckos
  3 orcs
  2 ball pythons
  9 bats
  8 giant cockroaches
  6 goblins
  6 hobgoblins
  2 jackals (D:5)
  A quokka (D:5)
  6 frilled lizards
  6 kobolds
  A leopard gecko skeleton (D:6)
  A quokka zombie (D:6)
  7 rats
96 creatures vanquished.

Vanquished Creatures (collateral kills)
  A slave (D:4)
  A crimson imp (D:5)
  An orc priest (D:4)
  An orc wizard (D:4)
  3 orcs (D:4)
  A jackal (D:5)
  A ball python (D:4)
9 creatures vanquished.

Vanquished Creatures (others)
  A slave (D:4)
  The ghost of Vodalian the Charmwright, an amateur GnSk (D:4)
  An adder (D:2)
  A worm (D:4)
  A quokka (D:2)
5 creatures vanquished.

Grand Total: 110 creatures vanquished

Notes
Turn   | Place    | Note
-------+----------+-------------------------------------------
     0 | D:1      | glosham the Kobold Artificer began the quest for the Orb.
     0 | D:1      | Reached XP level 1. HP: 12/12 MP: 3/3
   153 | D:1      | Reached skill level 2 in Fighting
   213 | D:1      | Reached XP level 2. HP: 17/17 MP: 3/4
   248 | D:2      | Reached skill level 3 in Fighting
   248 | D:2      | Reached XP level 3. HP: 19/23 MP: 5/5
   343 | D:3      | You fall through a shaft for 2 floors!
   343 | D:5      | Entered Level 5 of the Dungeon
   345 | D:5      | Noticed an ogre
   354 | D:5      | Reached skill level 4 in Fighting
   354 | D:5      | Reached XP level 4. HP: 21/29 MP: 6/6
   398 | D:5      | Reached XP level 5. HP: 23/34 MP: 7/7
   503 | D:4      | Reached skill level 5 in Fighting
   558 | D:4      | Noticed Vodalian's ghost (amateur GnSk)
   588 | D:4      | Noticed a slave
   599 | D:4      | Killed a slave
   662 | D:4      | Noticed Pikel
   669 | D:4      | Your ally Vodalian died
   670 | D:4      | Noticed a slave
   672 | D:4      | Noticed a slave
   682 | D:4      | Noticed a freed slave
   728 | D:4      | Killed a freed slave
   730 | D:4      | Killed Pikel
   730 | D:4      | Reached skill level 7 in Fighting
   730 | D:4      | Reached XP level 6. HP: 44/44 MP: 8/8
   730 | D:4      | Reached XP level 7. HP: 48/48 MP: 9/9
   733 | D:4      | Noticed Blork the orc
   749 | D:4      | Killed Blork the orc
   936 | D:4      | Reached skill level 8 in Fighting
  1011 | D:5      | Found a radiant altar of Vehumet.
  1317 | D:5      | Found an ornate altar of the Wu Jian Council.
  1318 | D:5      | Found a stormy altar of Qazlal.
  1381 | D:5      | Found a bloodstained altar of Trog.
  1485 | D:6      | Reached skill level 9 in Fighting
  1485 | D:6      | Reached XP level 8. HP: 48/56 MP: 10/10
  1664 | D:6      | Found a staircase to the Ecumenical Temple.
  1672 | Temple   | Entered the Ecumenical Temple
  1743 | Temple   | Became a worshipper of Warmaster Okawaru
  1828 | D:6      | Reached skill level 10 in Fighting
  2018 | D:2      | Found a burning altar of Makhleb.
  3521 | D:6      | Noticed a yak
  3524 | D:6      | Noticed a yak
  3525 | D:6      | Noticed a yak
  3527 | D:6      | Noticed a yak
  3528 | D:6      | Noticed a yak
  3529 | D:6      | Noticed a yak
  3531 | D:6      | Killed a yak
  3531 | D:6      | Reached skill level 11 in Fighting
  3544 | D:6      | Killed a yak
  3544 | D:6      | Reached XP level 9. HP: 32/64 MP: 11/11
  3549 | D:6      | Slain by a yak

Skill      XL: |  1  2  3  4  5  6  7  8 |
---------------+-------------------------+-----
Fighting       | 2 3 4 7 9 11 | 11.4
Short Blades   | |  1.3
Dodging        | |  2.4
Stealth        | |  1.3
Evocations     | |  3.6

Action                   |  1- 3 |  4- 6 |  7- 9 || total
-------------------------+-------+-------+-------++-------
Melee: Short sword       |    57 |    27 |       ||    84
       Whip              |       |       |   274 ||   274
 Abil: Evoke Berserk Rag |       |       |     1 ||     1
Evoke: Wand              |    13 |    24 |     6 ||    43
  Use: Potion            |     1 |       |     1 ||     2
       Scroll            |       |     1 |    11 ||    12
 Stab: Confused          |     1 |       |       ||     1
       Betrayed ally     |       |     1 |       ||     1
       Sleeping          |       |     1 |       ||     1
  Eat: Chunk             |     7 |     1 |     9 ||    17
Armor: Ring mail         |    16 |     9 |    82 ||   107
Dodge: Dodged            |    26 |    21 |   178 ||   225

Table legend:
 A = Turns spent in this place as a percentage of turns spent in the entire game.
 B = Non-inter-level travel turns spent in this place as a percentage of non-inter-level travel turns spent in the entire game.
 C = Inter-level travel turns spent in this place as a percentage of turns spent in this place.
 D = Turns resting spent in this place as a percentage of non-inter-level travel turns spent in this place.
 E = Turns spent auto-exploring this place as a percentage of non-inter-level travel turns spent in this place.
 F = Non-inter-level travel turns spent in this place divided by the number of levels of this place that you've seen.
                   A       B       C       D       E      F
               +-------+-------+-------+-------+-------+----------------------
         Total | 100.0 | 100.0 |  11.8 |   0.3 |   0.0 | 447.1
       Dungeon |  97.6 |  97.7 |  11.7 |   0.3 |   0.0 | 509.5
        Temple |   2.4 |   2.3 |  14.1 |   0.0 |   0.0 |  73.0
               +-------+-------+-------+-------+-------+----------------------

Table legend:
 A = Kills in this place as a percentage of kills in entire the game.
 B = Kills by you in this place as a percentage of kills by you in the entire game.
 C = Kills by friends in this place as a percentage of kills by friends in the entire game.
 D = Other kills in this place as a percentage of other kills in the entire game.
 E = Experience gained in this place as a percentage of experience gained in the entire game.
 F = Experience gained in this place divided by the number of levels of this place that you have seen.
                   A       B       C       D       E      F
               +-------+-------+-------+-------+-------+----------------------
         Total | 100.0 | 100.0 | 100.0 | 100.0 | 100.0 | 301.1
       Dungeon | 100.0 | 100.0 | 100.0 | 100.0 | 100.0 | 351.3
               +-------+-------+-------+-------+-------+----------------------

Vault maps used:
D:1:      shiori_arrival_elements
D:2:      first_ration, makhleb_heckhound_becter
D:4:      uniq_pikel, uniq_blork_the_orc
D:5:      nicolae_overflow_hidden_temple, bloody_trog, lemuel_statue_altar
D:6:      grunt_temple_overflow_holy_war, minmay_temple_entry_mist
Temple:   regret_index_temple_sphere_string
